AoeStats
← iM 我要打十个

Arabia

504007116Analyzed
1v1 RM · 29d ago on Sep 3, 2026· 39m 47s· 2 players
Game mode
Random Map
Map size
Tiny (2 player)
Population
200
Speed
Normal
Resources
Standard
Victory
Conquest
Starting age
Dark Age
Ending age
Imperial Age
RankedLock teamsTeams togetherTeam positionsShared explorationLock speedFull tech treeHidden civsTurbo modeCheats
Victory
Defeat
🇦🇷 Slavs · Argentina
1034
+15
🇨🇳 Saracens · China
1017
-15
iM 我要打十个
0:39 Loom
2:41 Loom
4:48 Loom
5:38 Loom
12:09 Feudal Age
12:40 Double-Bit Axe
14:11 Fletching
21:16 Castle Age
20:38 Padded Archer Armor
21:41 Crossbowman
26:59 Ballistics
27:42 Bow Saw
33:36 Bodkin Arrow
BMW_2GC
7:22 Loom
10:43 Feudal Age
11:15 Horse Collar
21:31 Castle Age
19:41 Double-Bit Axe
20:19 Gold Mining
21:35 Bloodlines
25:43 Sanctity
27:42 Wheelbarrow
35:31 Scale Barding Armor
35:37 Forging
36:42 Chain Barding Armor
Connection lost

Rejoining the realm…

Still unreachable

The connection could not be restored.

Session expired

The server has moved on; the page needs a fresh start.